 Dungeon Crawl Stone Soup version 0.18.1-5-g4a78601 (webtiles) character file.

205 inmateoo the Skirmisher (level 5, 0/34 HPs)
             Began as a Gargoyle Fighter on May 11, 2016.
             Slain by an orc
             ... wielding a +0 mace
              (2 damage)
             ... on level 3 of the Dungeon.
             The game lasted 00:02:20 (2575 turns).

inmateoo the Skirmisher (Gargoyle Fighter)          Turns: 2575, Time: 00:02:21

Health: 0/34       AC: 12    Str: 21    XL:     5   Next: 83%
Magic:  5/5        EV:  7    Int:  8    God:
Gold:   163        SH:  9    Dex:  9    Spells: 0 memorised, 4 levels left

rFire  . . .     SeeInvis .     a - +0 flail
rCold  . . .     Gourm    .     b - +0 scale mail
rNeg   + . .     Faith    .     c - +0 shield
rPois  ∞         Spirit   .     p - +0 helmet
rElec  +         Dismiss  .     (no cloak)
rCorr  .         Reflect  .     (no gloves)
SustAt .         Harm     .     (no boots)
MR     .....                    (no amulet)
Stlth  ..........               (no ring)
                                (no ring)

@: not resistant to hostile enchantments, extremely unstealthy
A: negative energy resistance 1, electricity resistance, unbreathing,
petrification resistance, rot immunity, AC +4
a: no special abilities


You were on level 3 of the Dungeon.
You were hungry.

You visited 1 branch of the dungeon, and saw 4 of its levels.

You collected 163 gold pieces.

Inventory:

Hand Weapons
 a - a +0 flail (weapon)
Armour
 b - a +0 scale mail (worn)
 c - a +0 shield (worn)
 p - a +0 helmet (worn)
Scrolls
 e - 2 scrolls of recharging {unknown}
 k - a scroll of remove curse {unknown}
 n - 2 scrolls of teleportation {unknown}
Potions
 d - a potion of might
 h - a potion of flight {unknown}
 i - a potion of curing {unknown}
 j - 2 potions of degeneration {unknown}
 l - a potion of heal wounds {unknown}
 m - a potion of brilliance {unknown}
 o - a potion of mutation {unknown}
Comestibles
 f - 2 bread rations
 g - a meat ration


   Skills:
 + Level 4.3 Fighting
 * Level 4.2 Maces & Flails
 - Level 4.1 Armour
 - Level 4.0 Shields


You had 4 spell levels left.
You didn't know any spells.

Dungeon Overview and Level Annotations

Branches:
Dungeon (4/15)
 Temple: D:4-7

Altars:
Cheibriados
Sif Muna


Innate Abilities, Weirdness & Mutations

You are resistant to torment.
Your stone body is resilient (AC +4).
You are immune to poison.
You resist negative energy.
You are resistant to electric shocks.
You can survive without breathing.
You are immune to petrification.
You are immune to rotting.


Message History

You barely miss the orc priest.
The orc priest is almost dead.
The orc closely misses you. You block the orc priest's attack.
The orc hits you but does no damage.
Unknown command.
Unknown command.
You hit the orc priest but do no damage.
The orc priest is almost dead.
You block the orc's attack.
The orc priest hits you with a vampiric hand axe.
* * * LOW HITPOINT WARNING * * *
You block the orc's attack. The orc hits you but does no damage.
Unknown command.
Unknown command.
You hit the orc priest but do no damage.
The orc priest is almost dead.
The orc priest hits you with a vampiric hand axe.
* * * LOW HITPOINT WARNING * * *
The orc hits you but does no damage. The orc hits you with a mace.
You die...

#.#########.# #.#
#.##.# #.# #.# #.#.#
#.##.# #.# #.# #.#.#
#.##.# #.# #.# #.#.#
#.##.# #.# #.# #.#.#
#.##.# ##.# #.# #.#.#
...# #.# #.#.#
############.######.#.#
..............oo@...#.#
############...oo.....#
##########.# ###


You could see an orc priest and 3 orcs.

Vanquished Creatures
  A centaur (D:3)
  An orc priest (D:4)
  2 adders
  2 oozes (D:3)
  3 dart slugs
  A giant gecko (D:3)
  4 orcs
  A giant cockroach (D:3)
  5 goblins
  7 hobgoblins
  3 jackals (D:3)
  2 quokkas
  A ball python (D:2)
  10 bats
  5 giant newts
  7 kobolds
  5 rats
60 creatures vanquished.

Notes
Turn   | Place    | Note
--------------------------------------------------------------
     0 | D:1      | inmateoo the Gargoyle Fighter began the quest for the Orb.
     0 | D:1      | Reached XP level 1. HP: 14/14 MP: 1/1
   198 | D:1      | Reached XP level 2. HP: 12/19 MP: 2/2
   749 | D:2      | Reached XP level 3. HP: 23/23 MP: 3/3
   856 | D:2      | Found a snail-covered altar of Cheibriados.
  1155 | D:3      | Noticed a centaur
  1163 | D:3      | Killed a centaur
  1163 | D:3      | Reached XP level 4. HP: 15/29 MP: 4/4
  1163 | D:3      | Reached XP level 5. HP: 17/33 MP: 5/5
  1461 | D:3      | Found a deep blue altar of Sif Muna.
  2575 | D:3      | Slain by an orc

Skill      XL: |  1  2  3  4  5 |
---------------+----------------+-----
Shields        | 4 |  4.0
Maces & Flails | 3 4 |  4.2
Armour         | 4 |  4.1
Fighting       | 4 |  4.3

Action                   |  1- 3 |  4- 6 || total
-------------------------+-------+-------++-------
Melee: Flail             |   154 |   101 ||   255
  Eat: Chunk             |     1 |     4 ||     5
Armor: Scale mail        |    95 |    63 ||   158
Dodge: Dodged            |    60 |    32 ||    92
Block: Shield            |    93 |    62 ||   155
